 Dungeon Crawl Stone Soup version 0.22-a0-284-g99d1f74 (webtiles) character file.

18 4thArraOfDagon the Vexing (level 2, 1/19 HPs)
             Began as a Mummy Enchanter on Mar 22, 2018.
             Quit the game on level 2 of the Dungeon.
             The game lasted 00:02:12 (514 turns).

4thArraOfDagon the Vexing (Mummy Enchanter)          Turns: 514, Time: 00:02:13

Health: 1/19       AC:  2    Str: 11    XL:     2   Next: 51%
Magic:  0/5        EV: 12    Int: 14    God:
Gold:   22         SH:  0    Dex: 12    Spells: 3/6 levels left

rFire    x . .     SeeInvis .   a - +1 dagger
rCold    + . .     Gourm    .   (no shield)
rNeg     + + +     Faith    .   b - +0 robe
rPois    ∞         Spirit   .   (no helmet)
rElec    .         Reflect  .   (no cloak)
rCorr    .         Harm     .   (no gloves)
MR       .....                  (no boots)
Stlth    ++........             (no amulet)
HPRegen  0.06/turn              (no ring)
MPRegen  0.09/turn              (no ring)

@: no status effects
A: no food or potions, fire vulnerability, cold resistance 1, negative energy
resistance 3, torment resistance, unbreathing
a: no special abilities


You were on level 2 of the Dungeon.
You were not hungry.

You visited 1 branch of the dungeon, and saw 2 of its levels.

You collected 22 gold pieces.

Inventory:

Hand Weapons
 a - a +1 dagger (weapon)
Armour
 b - a +0 robe (worn)
Scrolls
 d - a scroll of identify


   Skills:
 * Level 2.1 Short Blades
 - Level 1.5 Dodging
 - Level 2.4 Stealth
 - Level 2.6 Spellcasting
 - Level 2.6 Hexes


You had 3 spell levels left.
You knew the following spells:

 Your Spells              Type           Power        Failure   Level  Hunger
a - Corona                Hex            #......      8%          1    N/A
b - Ensorcelled Hibernat  Hex/Ice        #.....       19%         2    N/A

Dungeon Overview and Level Annotations

Branches:
Dungeon (2/15)

Altars:


Innate Abilities, Weirdness & Mutations

You do not eat or drink.
Your flesh is vulnerable to fire.
You are immune to poison.
Your flesh is cold resistant. (rC+)
You are immune to negative energy. (rN+++)
You are immune to unholy pain and torment.
You can survive without breathing.


Message History

The adder resists with some effort.
The adder bites you.
Casting: Ensorcelled Hibernation (safe; 19% risk of failure)
Confirm with . or Enter, or press ? or * to list all spells.
Aiming: Ensorcelled Hibernation (safe; 19% risk of failure)
Press: ? - help, Shift-Dir - straight line, f/p - adder
Aim: an adder (chance to defeat MR: 46%)
The adder resists with some effort.
The adder bites you. The adder closely misses you.
As you read the scroll labeled OMECUIS OGGUE, it crumbles to dust.
You feel blessed for a moment.
It was a scroll of remove curse.
The adder bites you.
As you read the scroll labeled MEWEPO TAUTZ, it crumbles to dust.
It is a scroll of identify.
You don't have any unidentified items.
The adder bites you.
* * * LOW HITPOINT WARNING * * *
The adder bites you.
* * * LOW HITPOINT WARNING * * *
Unknown command.
Are you sure you want to abandon this character and quit the game? (Confirm with "yes".)

###### #....#######
#.......(...
############.#######
+..@Sg..............
##############'#.###
#.........#
#........S#
#..[......#
#......<..#
#.......g.#
#########'#
#........


You could see an adder and a goblin.

Vanquished Creatures
  2 dart slugs
  2 bats (D:1)
  2 goblins
  2 hobgoblins (D:2)
  A quokka (D:2)
  A frilled lizard (D:2)
  2 kobolds
  2 rats
14 creatures vanquished.

Notes
Turn   | Place    | Note
-------+----------+-------------------------------------------
     0 | D:1      | 4thArraOfDagon the Mummy Enchanter began the quest for the Orb.
     0 | D:1      | Reached XP level 1. HP: 13/13 MP: 4/4
    29 | D:1      | Reached skill level 1 in Short Blades
   130 | D:1      | Reached XP level 2. HP: 14/19 MP: 2/5
   136 | D:1      | Learned a level 2 spell: Ensorcelled Hibernation
   514 | D:2      | Quit the game

Vault maps used:
D:1:      dpeg_arrival_round_a, wad_woods_river_04, grunt_decor_cap,
          ashenzari_altar_1
D:2:      amethyst_overflow_temple_binary

Skill      XL: |  1  2 |
---------------+-------+-----
Short Blades   | 1 2 |  2.1
Dodging        | |  1.5
Stealth        | |  2.4
Spellcasting   | |  2.6
Hexes          | |  2.6

Action                   || total
-------------------------++-------
Melee: Dagger            ||    36
 Cast: Corona            ||     7
       Ensorcelled Hiber ||     7
  Use: Scroll            ||     2
 Stab: Sleeping          ||     7
Armor: Robe              ||     3
Dodge: Dodged            ||    28

Table legend:
 A = Spawn XP
 B = Non-spawn XP
 C = Spawn XP percentage of total XP
 D = Spawn monster count
 E = Non-spawn monster count
 F = Spawn count percentage of total count
 G = Total turns spent on level
                    A         B        C        D         E        F      G
               +---------+---------+-------+---------+---------+-------+---------
         Total |       0 |      27 |   0.0 |       0 |      14 |   0.0 |   514
               +---------+---------+-------+---------+---------+-------+---------
           D:1 |       0 |      12 |   0.0 |       0 |       6 |   0.0 |   227
           D:2 |       0 |      15 |   0.0 |       0 |       8 |   0.0 |   287
               +---------+---------+-------+---------+---------+-------+---------
